 Seeded DCSS version 0.29.1-12-g30fa7ad0bf (webtiles) character file.

Game seed: 20230103 (custom seed)

71 stormannn the Firebug (level 4, 0/24 HPs)
             Began as a Deep Elf Fire Elementalist on Jan 3, 2023.
             Slain by a goblin
             ... wielding a +2 dagger of venom
             ... led by Robin
              (4 damage)
             ... on level 2 of the Dungeon.
             The game lasted 00:03:20 (1911 turns).

stormannn the Firebug (Deep Elf Fire Elementalist)  Turns: 1911, Time: 00:03:20

Health: 0/24       AC:  2    Str:  5    XL:     4   Next: 5%
Magic:  7/11       EV: 12    Int: 22    God:
Gold:   100        SH:  0    Dex: 15    Spells: 9/10 levels left

rFire   . . .      SeeInvis .   (no weapon)
rCold   . . .      Faith    .   (no shield)
rNeg    . . .      Spirit   .   a - +0 robe
rPois   .          Reflect  .   (no helmet)
rElec   .          Harm     .   (no cloak)
rCorr   .          Rampage  .   (no gloves)
Will    .....                   (no boots)
Stlth   ++........              (no amulet)
HPRegen 0.08/turn               (no ring)
MPRegen 0.12/turn               (no ring)

@: lethally poisoned (0 -> -5), very slightly contaminated
A: no striking features
a: no special abilities


You were on level 2 of the Dungeon.
You visited 1 branch of the dungeon, and saw 2 of its levels.

You collected 100 gold pieces.

Inventory:

Missiles
 g - 2 poisoned darts
Armour
 a - a +0 robe (worn)
Scrolls
 c - 2 scrolls of blinking {unknown}
 e - 3 scrolls of teleportation {unknown}
 f - 4 scrolls of noise
 h - a scroll of identify {unknown}
 i - a scroll of acquirement {unknown}
 j - a scroll of poison {unknown}
 k - a scroll of summoning {unknown}
Potions
 b - a potion of magic
 d - 3 potions of brilliance {unknown}


   Skills:
 - Level 2.4 Dodging
 - Level 2.4 Stealth
 + Level 3.9 Spellcasting
 + Level 2.2 Conjurations
 * Level 4.5 Fire Magic


You had 9 spell levels left.
You knew the following spells:

 Your Spells              Type           Power      Damage    Failure   Level
a - Foxfire               Conj/Fire      76%        2x1d7     2%          1

Your spell library contained the following spells:

 Spells                   Type           Power      Damage    Failure   Level
 Scorch                   Fire           48%        2d7       2%          2
 Conjure Flame            Conj/Fire      19%        6-21      9%          3
 Inner Flame              Hex/Fire       14%        N/A       13%         3
 Flame Wave               Conj/Fire      19%        2d7       28%         4


Dungeon Overview and Level Annotations

Branches:
Dungeon (2/15)

Altars:

Annotations:
D:2 Robin


Message History

The foxfire hits the goblin.
The goblin is almost dead.
The goblin barely misses you. x2
Casting: Foxfire (safe; 2% risk of failure)
Confirm with . or Enter, or press ? or * to list all spells.
You conjure some foxfire!
The goblin barely misses you.
A goblin comes into view. It is wielding a +0 dagger.
The hobgoblin closely misses you. The goblin barely misses you.
A hobgoblin comes into view.
Casting: Foxfire (safe; 2% risk of failure)
Confirm with . or Enter, or press ? or * to list all spells.
There is not enough space to conjure foxfire!
The foxfire hits the hobgoblin.
The hobgoblin is severely wounded.
The foxfire hits the hobgoblin.
You kill the hobgoblin!
Robin throws the goblin at you! The goblin closely misses you. x2
The goblin misses you.
Casting: Foxfire (safe; 2% risk of failure)
Confirm with . or Enter, or press ? or * to list all spells.
You miscast Foxfire.
You are very lightly contaminated with residual magic.
Nothing appears to happen.
The goblin hits you with a +0 dagger. Robin throws the goblin at you!
The goblin hits you with a +2 dagger of venom.
* * * LOW HITPOINT WARNING * * *
You are lethally poisoned!
The hobgoblin hits you but does no damage.
The goblin closely misses you.
As you read the scroll labelled VEASUOLUUNK, it crumbles to dust.
You hear a loud clanging noise!
It was a scroll of noise.
* * * LOW HITPOINT WARNING * * *
You feel sick.
You hear a shout!
The goblin hits you with a +0 dagger.
* * * LOW HITPOINT WARNING * * *
The goblin closely misses you.
The goblin hits you with a +2 dagger of venom.
You die...

#.##.# #.#
..#####.##.# #.#
#..........# #.#
..#####.#..# #.#
#.#..#####.#######
#.#..............#
#.##############.#
.######g# #.#


..ggggg@# #.# ...g.gggg....# #.# ############.# #.. ### You could see Robin, 3
hobgoblins and 7 goblins.

Vanquished Creatures
  3 adders (D:2)
  A gnoll (D:1)
  A dart slug (D:1)
  2 ball pythons (D:1)
  3 bats (D:2)
  3 endoplasms
  2 giant cockroaches
  4 goblins
  6 hobgoblins
  A kobold (D:1)
  A quokka (D:1)
  A frilled lizard (D:1)
  2 rats
30 creatures vanquished.

Vanquished Creatures (others)
  93 foxfires
93 creatures vanquished.

Grand Total: 123 creatures vanquished

Notes
Turn   | Place    | Note
-------+----------+-------------------------------------------
     0 | D:1      | stormannn the Deep Elf Fire Elementalist began the quest
                  | for the Orb.
     0 | D:1      | Reached XP level 1. HP: 10/10 MP: 6/6
   113 | D:1      | Reached XP level 2. HP: 11/15 MP: 4/8
   569 | D:1      | Reached skill level 4 in Fire Magic
   669 | D:1      | Reached XP level 3. HP: 19/19 MP: 6/10
  1724 | D:2      | Reached XP level 4. HP: 24/24 MP: 9/11
  1903 | D:2      | Identified the +0 helmet "Umum" {rN+ Str+2}
  1903 | D:2      | Noticed Robin
  1911 | D:2      | Slain by a goblin

Illustrated notes

Levels and vault maps discovered:
D:1:      dpeg_arrival_tiny_k, layout_loops_ring
D:2:      layout_loops_ring, minmay_pentomino_r2, uniq_crazy_yiuf_cottage,
          uniq_sigmund, uniq_robin

Skill      XL: |  1  2  3 |
---------------+----------+-----
Fire Magic     | 4 |  4.5
Conjurations   | 2 |  2.2
Dodging        | |  2.4
Stealth        | |  2.4
Spellcasting   | |  3.9

Action                   |  1- 3 |  4- 6 || total
-------------------------+-------+-------++-------
 Cast: Foxfire           |    52 |     4 ||    56
  Use: Scroll            |       |     1 ||     1
Armor: Robe              |     2 |     1 ||     3
Dodge: Dodged            |    10 |    13 ||    23
